 Dungeon Crawl Stone Soup version 0.28.0-53-g5a82cb258f (webtiles) character file.

Game seed: 9150870742319782337

217 safid the Digger (level 5, 0/31 HPs)
             Began as a Gargoyle Earth Elementalist on Sept 3, 2022.
             Slain by an orc
             ... wielding a +2 trident of protection
              (6 damage)
             ... on level 3 of the Dungeon.
             The game lasted 00:03:51 (4476 turns).

safid the Digger (Gargoyle Earth Elementalist)      Turns: 4476, Time: 00:03:52

Health: 0/31       AC:  7    Str: 11    XL:     5   Next: 94%
Magic:  0/9        EV: 12    Int: 18    God:
Gold:   72         SH:  0    Dex: 10    Spells: 9/10 levels left

rFire   . . .      SeeInvis .   n - +0 rapier
rCold   . . .      Faith    .   (no shield)
rNeg    + . .      Spirit   .   b - +0 robe
rPois   ∞          Reflect  .   (no helmet)
rElec   +          Harm     .   (no cloak)
rCorr   .          Rampage  .   m - +0 pair of gloves
Will    .....                   (no boots)
Stlth   ++........              (no amulet)
HPRegen 0.10/turn               (no ring)
MPRegen 0.11/turn               (no ring)

@: no status effects
A: sickness immunity, AC +4, negative energy resistance 1, electricity
resistance, torment resistance 1, petrification resistance
a: no special abilities


You were on level 3 of the Dungeon.
You visited 1 branch of the dungeon, and saw 3 of its levels.

You collected 72 gold pieces.

Inventory:

Hand Weapons
 n - a +0 rapier (weapon)
Missiles
 c - 100 stones
 h - a throwing net
Armour
 b - a +0 robe (worn)
 m - a +0 pair of gloves (worn)
Scrolls
 a - 2 scrolls of identify {unknown}
 d - a scroll of blinking {unknown}
 e - 2 scrolls of enchant armour {unknown}
 j - a scroll of magic mapping {unknown}
 k - a scroll of fear {unknown}
 o - a scroll of silence {unknown}
Potions
 f - 3 potions of curing {unknown}
 g - a potion of degeneration {unknown}
 i - a potion of lignification {unknown}
 l - a potion of mutation {unknown}


   Skills:
 + Level 2.6 Fighting
 - Level 2.0 Dodging
 + Level 3.9 Stealth
 + Level 3.1 Spellcasting
 - Level 1.0 Transmutations
 + Level 4.8 Earth Magic


You had 9 spell levels left.
You knew the following spells:

 Your Spells              Type           Power      Damage    Failure   Level
a - Sandblast             Erth           40%        2d10      2%          1

Your spell library contained the following spells:

 Spells                   Type           Power      Damage    Failure   Level
 Passwall                 Tmut/Erth      10%        N/A       8%          2
 Stone Arrow              Conj/Erth      22%        3d8       19%         3
 Petrify                  Tmut/Erth      13%        N/A       43%         4
 Freezing Cloud           Conj/Ice/Air   1%         6-21      99%         5
 Simulacrum               Ice/Necr       1%         N/A       100%        6
 Polar Vortex             Ice            1%         N/A       100%        9


Dungeon Overview and Level Annotations

Branches:
Dungeon (3/15)

Altars:
Okawaru
Xom

Shops:
D:2 =


Innate Abilities, Weirdness & Mutations

You are immune to sickness and miasma.
Your stone body is resilient. (AC +4)
You are immune to poison.
You resist negative energy. (rN+)
You are resistant to electric shocks. (rElec)
You are resistant to unholy torment.
You are immune to petrification.


Message History

Casting: Sandblast (safe; 2% risk of failure)
Confirm with . or Enter, or press ? or * to list all spells.
Aiming: Sandblast (safe; 2% risk of failure)
Press: ? - help, Shift-Dir - straight line, f/p - adder
Aim: an adder (lightly wounded, 66% to hit)
The blast of sand hits the adder!
The adder is almost dead.
The adder barely misses you.
Unknown command.
Casting: Sandblast (safe; 2% risk of failure)
Confirm with . or Enter, or press ? or * to list all spells.
Aiming: Sandblast (safe; 2% risk of failure)
Press: ? - help, Shift-Dir - straight line, f/p - adder
Aim: an adder (almost dead, 66% to hit)
The blast of sand hits the adder!
You kill the adder!
Casting: Sandblast (safe; 2% risk of failure)
Confirm with . or Enter, or press ? or * to list all spells.
Aiming: Sandblast (safe; 2% risk of failure)
Press: ? - help, Shift-Dir - straight line, f - goblin
Aim: a goblin, wielding a +0 dagger (76% to hit)
The blast of sand hits the goblin!
You kill the goblin!
Your magical contamination has completely faded away.
Unknown command.
Casting: Sandblast (safe; 2% risk of failure)
Confirm with . or Enter, or press ? or * to list all spells.
Aiming: Sandblast (safe; 2% risk of failure)
Press: ? - help, Shift-Dir - straight line, f - endoplasm
Aim: an endoplasm (almost dead, 98% to hit)
The blast of sand hits the endoplasm!
You kill the endoplasm!
The orc closely misses you.
You barely miss the orc.
The orc hits you from afar with a +2 trident of protection!
The orc hits you with a +4 dagger.
* * * LOW HITPOINT WARNING * * *
You hit the orc but do no damage.
The orc hits you from afar with a +2 trident of protection.
You die...

..#.......#####.8.#...#.#.###.##.
..........# #...#........##.##.
..#.......# ##.##...#..#.##.##.
.##.......######.#######.#.......
..............#...##...##....<.##
..............).8.').8.>#........
##########....#oB.##...###....#..
#.......o.##o####### #....#.#
#.........##@#########.......
#........J#...#..........####
#.........#.8.#..........#
#.........#...#..........#
#.........##>##..........#
#..........###############
#............# ............#
.......?....#


You could see 2 orcs and a giant cockroach.

Vanquished Creatures
  Terence (D:2)
  A hound skeleton (D:2)
  4 gnolls (D:2)
  6 adders
  An orc (D:3)
  7 ball pythons
  4 endoplasms
  14 giant cockroaches
  11 goblins
  4 hobgoblins
  6 jackals (D:1)
  3 quokkas
  6 bats
  2 frilled lizards
  4 kobolds
  7 rats
81 creatures vanquished.

Vanquished Creatures (others)
  A kobold (D:3)
1 creature vanquished.

Grand Total: 82 creatures vanquished

Notes
Turn   | Place    | Note
-------+----------+-------------------------------------------
     0 | D:1      | safid the Gargoyle Earth Elementalist began the quest for
                  | the Orb.
     0 | D:1      | Reached XP level 1. HP: 10/10 MP: 3/3
   317 | D:1      | Reached XP level 2. HP: 15/15 MP: 1/5
   404 | D:1      | Reached skill level 1 in Transmutations
   714 | D:1      | Found a faded altar of an unknown god.
  1178 | D:1      | Reached XP level 3. HP: 20/20 MP: 6/6
  1663 | D:2      | Reached skill level 1 in Fighting
  1702 | D:2      | Reached skill level 4 in Earth Magic
  1720 | D:2      | Reached XP level 4. HP: 17/25 MP: 1/7
  2105 | D:2      | Found an iron altar of Okawaru.
  2145 | D:2      | Found Damp's Jewellery Shoppe.
  2260 | D:2      | Noticed Terence
  2279 | D:2      | Killed Terence
  2840 | D:2      | Reached XP level 5. HP: 25/30 MP: 9/9
  4180 | D:3      | Found a shimmering altar of Xom.
  4476 | D:3      | Slain by an orc

Illustrated notes

Levels and vault maps discovered:
D:1:      pf_arrival_petrified_forest, layout_basic, basic_ecumenical_altar
D:2:      minmay_angry_zag, layout_loops_corners, serial_shops,
          nicolae_shop_hallway_stairs, basic_altar, uniq_terence
D:3:      minmay_roachtagon, layout_basic, xom_confusion_cloud,
          grunt_ministairs_5, st_stairs_13, hangedman_decor_clover_reticule,
          corexii_leaking_fountain, minmay_fractal_squares_diagonal_5

Skill      XL: |  1  2  3  4  5 |
---------------+----------------+-----
Transmutations | 1 |  1.0
Fighting       | 1 2 |  2.6
Dodging        | 2 |  2.0
Earth Magic    | 4 |  4.8
Stealth        | 3 |  3.9
Spellcasting   | 3 |  3.1

Action                   |  1- 3 |  4- 6 || total
-------------------------+-------+-------++-------
Melee: Dagger            |   110 |    19 ||   129
       Unarmed           |     2 |       ||     2
       Short sword       |       |    52 ||    52
       Punch             |       |     3 ||     3
       Rapier            |       |   140 ||   140
 Cast: Sandblast         |    19 |    23 ||    42
 Stab: Sleeping          |     3 |     5 ||     8
Armor: Robe              |    57 |    88 ||   145
Dodge: Dodged            |   110 |   169 ||   279
